 Dungeon Crawl Stone Soup version 0.29-a0-338-g1ff7896281 (webtiles) character file.

Game seed: 16382341247207529805

132 rabbitsville the Magician (level 4, 0/30 HPs)
             Began as a Mummy Conjurer on Apr 18, 2022.
             Slain by a goblin
             ... wielding a +0 dagger
             ... led by Robin
              (3 damage)
             ... on level 3 of the Dungeon.
             The game lasted 00:11:14 (3117 turns).

rabbitsville the Magician (Mummy Conjurer)          Turns: 3117, Time: 00:11:15

Health: 0/30       AC:  4    Str: 10    XL:     4   Next: 92%
Magic:  1/10       EV: 11    Int: 19    God:
Gold:   120        SH:  0    Dex: 10    Spells: 9/12 levels left

rFire   x . .      SeeInvis .   h - +0 lajatang
rCold   + . .      Faith    .   (shield currently unavailable)
rNeg    + + +      Spirit   .   a - +0 robe
rPois   ∞          Reflect  .   d - +0 helmet
rElec   .          Harm     .   (no cloak)
rCorr   .          Rampage  .   c - +0 pair of gloves
Will    .....                   (no boots)
Stlth   +.........              (no amulet)
HPRegen 0.10/turn               (no ring)
MPRegen 0.12/turn               (no ring)

@: silenced
A: cold resistance 1, negative energy resistance 3, torment resistance 2, heat
vulnerability 1, in touch with death 1, no potions
a: no special abilities


You were on level 3 of the Dungeon.
You visited 1 branch of the dungeon, and saw 4 of its levels.

You collected 140 gold pieces.
You spent 20 gold pieces at shops.

Inventory:

Hand Weapons
 b - a +0 dagger
 h - a +0 lajatang (weapon)
Armour
 a - a +0 robe (worn)
 c - a +0 pair of gloves (worn)
 d - a +0 helmet (worn)
Wands
 g - a wand of flame (9)
Scrolls
 e - 3 scrolls of teleportation
 f - 2 scrolls of enchant weapon
 i - 2 scrolls of noise
 k - a scroll of immolation {unknown}
 l - a scroll of fog {unknown}


   Skills:
 + Level 0.9 Staves
 - Level 1.5 Dodging
 - Level 1.5 Stealth
 * Level 4.5 Spellcasting
 * Level 4.2 Conjurations
 - Level 0.4 Necromancy


You had 9 spell levels left.
You knew the following spells:

 Your Spells              Type           Power      Damage    Failure   Level
a - Magic Dart            Conj           80%        1d7       2%          1
b - Searing Ray           Conj           40%        2d5       3%          2

Your spell library contained the following spells:

 Spells                   Type           Power      Damage    Failure   Level
 Static Discharge         Conj/Air       12%        N/A       9%          2
 Slow                     Hex            16%        N/A       13%         1
 Dazzling Flash           Conj/Hex       24%        N/A       16%         3
 Vampiric Draining        Necr           8%         2d6       32%         3
 Confusing Touch          Hex            4%         N/A       36%         3
 Summon Guardian Golem    Hex/Summ       4%         N/A       36%         3
 Fulminant Prism          Conj/Hex       6%         3d7       47%         4
 Iskenderun's Mystic Bla  Conj/Tloc      12%        2d5       47%         4
 Iskenderun's Battlesphe  Conj           20%        2d7       52%         5
 Fireball                 Conj/Fire      6%         3d5       83%         5
 Lightning Bolt           Conj/Air       6%         1d18      83%         5
 Conjure Ball Lightning   Conj/Air       6%         3x3d6     100%        6
 Orb of Destruction       Conj           10%        9d6       100%        7
 Spellforged Servitor     Conj/Summ      6%         N/A       100%        7
 Maxwell's Capacitive Co  Air            2%         ∞         100%        8


Dungeon Overview and Level Annotations

Branches:
Dungeon (4/15)
 Temple: D:4-7

Altars:

Shops:
D:1 (   D:2 *   D:3 ?


Innate Abilities, Weirdness & Mutations

You are immune to poison.
Your flesh is cold resistant. (rC+)
You are immune to negative energy. (rN+++)
You are immune to unholy pain and torment.
You are vulnerable to heat. (rF-)
You are in touch with the powers of death.
You do not drink.


Message History

The goblin hits you with a +0 club. The goblin closely misses you.
The searing ray hits Robin.
You kill Robin!
You finish channelling your searing ray.
The goblin no longer looks unusually strong.
The goblin hits you with a +0 dagger.
* * * LOW HITPOINT WARNING * * *
The goblin barely misses you. The goblin hits you with a +0 club.
* * * LOW HITPOINT WARNING * * *
The goblin no longer looks unusually strong.
The goblin hits you with a +0 dagger.
* * * LOW HITPOINT WARNING * * *
The goblin closely misses you. The goblin hits you with a +0 club.
* * * LOW HITPOINT WARNING * * *
The goblin hits you but does no damage.
You climb upwards.
There is a stone staircase leading down here.
Aiming: Searing Ray (safe; 3% risk of failure)
Press: ? - help, Q - select action, (/) - cycle Shift-Dir - straight line, f - goblin
Aim: a goblin, wielding a +0 club (72% to hit)
The searing ray hits the goblin!
You kill the goblin!
The searing ray hits the goblin!
You kill the goblin! (Press . to maintain the ray.)
The goblin no longer looks unusually strong.
The goblin closely misses you.
You don't have enough magic to cast this spell.
You see here a +0 club.
As you read the scroll labelled JUHETH PANE, it crumbles to dust.
A profound silence engulfs you.
It was a scroll of silence.
The goblin hits you but does no damage.
Things that are here:
a +0 club; a goblin corpse You hit the goblin.
You kill the goblin!
The goblin completely misses you.
You closely miss the goblin. The goblin hits you but does no damage.
You closely miss the goblin. The goblin hits you with a +0 dagger.
You die...

..≈≈§..### #.# #.# ##.# §≈≈≈≈≈.#
#(# #.# #.# §§≈≈§§∩# #.# #.# #.#
.§§≈≈§)# #.# ###.####.#
..≈≈≈§.#####.###########........#
#.....⌠#.....................####
#########.###########.##.###.#
#.##.###########.##.# #.#
#..........@g>...##.###.#
####.##############.....#
########.##.#######.###..####
#.†......#.......)...##..#
#...........#.#####.###.)#
##..#######.#.## #.# #..# ##..#
##.## #.# #..# ##..# ### #.# ##.#
##..# #.# #.#


You could see a goblin.

Vanquished Creatures
  An orc wizard (D:3)
  Robin (D:4)
  2 adders
  3 dart slugs
  4 orcs (D:3)
  5 bats
  7 endoplasms
  A giant cockroach (D:2)
  4 hobgoblins
  2 jackals (D:2)
  7 kobolds
  4 quokkas
  3 ball pythons
  2 frilled lizards
  11 goblins
  7 rats
64 creatures vanquished.

Vanquished Creatures (others)
  28 plants
28 creatures vanquished.

Grand Total: 92 creatures vanquished

Notes
Turn   | Place    | Note
-------+----------+-------------------------------------------
     0 | D:1      | rabbitsville the Mummy Conjurer began the quest for the
                  | Orb.
     0 | D:1      | Reached XP level 1. HP: 13/13 MP: 4/4
   129 | D:1      | Reached XP level 2. HP: 14/19 MP: 0/6
   276 | D:1      | Learned a level 2 spell: Searing Ray
   307 | D:1      | Found Somatheo's Antique Weapon Boutique.
   839 | D:1      | Found a faded altar of an unknown god.
   984 | D:1      | Gained mutation: You are in touch with the powers of death.
                  | [Mummy growth]
   984 | D:1      | Reached XP level 3. HP: 24/24 MP: 5/8
  1256 | D:2      | Found Serifefu's General Store.
  1922 | D:3      | Found Wirryrat's Magic Scroll Shoppe.
  1932 | D:3      | Bought a scroll of identify for 20 gold pieces
  2165 | D:3      | Reached XP level 4. HP: 30/30 MP: 7/10
  3091 | D:4      | Noticed Robin
  3108 | D:4      | Killed Robin
  3117 | D:3      | Slain by a goblin

Illustrated notes

Levels and vault maps discovered:
D:1:      giann_horns, layout_loops_cross, serial_bayou, serial_bayou_pond_b,
          serial_bayou_lake_a, serial_bayou_ford_a, serial_bayou_pond_e,
          basic_ecumenical_altar, serial_shops, nicolae_shop_crystal
D:2:      layout_basic, serial_shops, nicolae_shop_crystal
D:3:      layout_loops_ring, serial_shops, nicolae_lakefront_shop,
          serial_bayou_pond_c
D:4:      layout_cave_pools, uniq_robin, uniq_grinder

Skill      XL: |  1  2  3 |
---------------+----------+-----
Spellcasting   | 3 4 |  4.5
Conjurations   | 4 |  4.2
Staves         | |  0.9
Dodging        | |  1.5
Stealth        | |  1.5
Necromancy     | |  0.4

Action                   |  1- 3 |  4- 6 || total
-------------------------+-------+-------++-------
Melee: Club              |     6 |       ||     6
       Dagger            |     2 |       ||     2
       Lajatang          |       |     8 ||     8
 Cast: Magic Dart        |    86 |    30 ||   116
       Searing Ray       |     1 |     3 ||     4
  Use: Scroll            |     3 |     1 ||     4
Armor: Robe              |     3 |     7 ||    10
Dodge: Dodged            |     7 |    13 ||    20

Table legend: (Time is in decaauts)
 A = Elapsed time spent in this place.
 B = Non-inter-level travel time spent in this place.
 C = Inter-level travel time spent in this place.
 D = Time resting spent in this place.
 E = Time spent auto-exploring this place.
 F = Levels seen in this place.
 G = Mean time per level.
                   A        B        C        D        E       F      G
               +--------+--------+--------+--------+--------+-----+--------+
         Total |   3170 |   3107 |     63 |    229 |   2402 |   4 |  792.5 |
       Dungeon |   3170 |   3107 |     63 |    229 |   2402 |   4 |  792.5 |
               +--------+--------+--------+--------+--------+-----+--------+

Top non-repeatable levels by time:
     D:3: 1181 daAuts
     D:1: 1180 daAuts
     D:2: 767 daAuts
     D:4: 41 daAuts
